AoeStats
← thomas89671173

Arena

508612879Analyzed
4v4 RM · 10d ago on Sep 23, 2026· 45m 47s· 8 players
Game mode
Random Map
Map size
Large (8 player)
Population
200
Speed
Normal
Resources
Standard
Victory
Conquest
Starting age
Dark Age
Ending age
Imperial Age
RankedLock teamsTeams togetherTeam positionsShared explorationLock speedFull tech treeHidden civsTurbo modeCheats
Victory
Defeat
🇨🇳 Huns · China
1400
+11
🇹🇼 Saxons · Taiwan
1354
+13
🇨🇳 Dravidians · China
1353
+13
🇨🇳 Slavs · China
1291
+15
🇹🇷 Khmer · Türkiye
1391
-17
🇦🇺 Lithuanians · Australia
1349
-16
🇨🇳 Inca · China
1212
-10
🇺🇸 Danes · United States
1186
-9
thomas89671173
10:22 Feudal Age
11:36 Double-Bit Axe
14:26 Castle Age
12:19 Horse Collar
15:51 Wheelbarrow
15:27 Bow Saw
15:26 Heavy Plow
21:47 Gold Mining
22:15 Loom
23:34 Hand Cart
23:52 Stone Mining
28:46 Imperial Age
27:31 Forging
27:22 Scale Mail Armor
27:19 Town Watch
27:20 Treadmill Crane
28:09 Squires
27:56 Arson
29:37 Iron Casting
29:18 Chain Mail Armor
28:58 Elite Varangian Guard
30:27 Conscription
30:58 Plate Mail Armor
30:06 Pikeman
33:12 Gold Shaft Mining
32:09 Shield Wall
32:40 Halberdier
34:05 Caravan
36:36 Chemistry
35:57 Ballistics
35:43 Siege Engineers
36:11 Coinage
37:18 Town Patrol
41:03 Banking
543880365
9:57 Feudal Age
13:39 Castle Age
11:33 Double-Bit Axe
12:05 Horse Collar
15:21 Bow Saw
15:32 Heavy Plow
20:27 Wheelbarrow
20:05 Gold Mining
20:18 Stone Mining
21:37 Hand Cart
21:53 Town Watch
21:54 Loom
22:59 Gold Shaft Mining
24:25 Fletching
24:39 Padded Archer Armor
27:45 Imperial Age
25:10 Fletching
26:01 Leather Archer Armor
26:29 Bodkin Arrow
26:56 Ballistics
27:08 Thumb Ring
27:58 Husbandry
28:08 Bloodlines
27:52 Heavy Cavalry Archer
28:57 Parthian Tactics
29:15 Conscription
29:42 Bracer
30:44 Chemistry
36:43 Two-Man Saw
37:34 Masonry
37:19 Murder Holes
37:48 Atheism
42:52 Elite Tarkan
43:53 Scale Barding Armor
43:58 Forging
44:38 Forging
44:33 Marauders
44:55 Chain Barding Armor
45:54 Iron Casting
46:12 Plate Barding Armor
永乐大帝朱元璋
10:49 Feudal Age
10:54 Feudal Age
14:50 Castle Age
13:32 Horse Collar
13:40 Double-Bit Axe
17:35 Wheelbarrow
17:59 Bow Saw
17:59 Heavy Plow
30:14 Hand Cart
33:36 Man-at-Arms
34:18 Squires
34:31 Forging
34:21 Scale Mail Armor
34:39 Gold Mining
38:17 Imperial Age
35:36 Town Watch
36:43 Detinets
37:25 Gold Shaft Mining
36:42 Stone Mining
36:47 Loom
38:04 Chain Mail Armor
38:24 Iron Casting
38:22 Coinage
38:30 Ballistics
40:02 Onager
41:54 Caravan
42:24 Banking
41:26 Siege Onager
43:18 Chemistry
42:18 Capped Ram
44:27 Crop Rotation
45:05 Two-Man Saw
46:30 Siege Engineers
46:36 Masonry
小飞舞
9:42 Loom
11:29 Feudal Age
16:12 Castle Age
14:56 Double-Bit Axe
14:54 Horse Collar
17:04 Wheelbarrow
17:47 Bow Saw
17:40 Heavy Plow
21:23 Gold Mining
23:32 Stone Mining
23:49 Fletching
29:44 Imperial Age
27:18 Bodkin Arrow
30:44 Imperial Age
28:48 Padded Archer Armor
29:56 Thumb Ring
30:51 Ballistics
30:39 Light Cavalry
31:20 Husbandry
31:37 Leather Archer Armor
31:38 Medical Corps
31:56 Conscription
32:37 Hand Cart
33:29 Chemistry
32:59 Bracer
33:29 Ring Archer Armor
33:39 Coinage
36:17 Banking
35:11 Elite Elephant Archer
36:42 Forging
37:19 Scale Barding Armor
38:58 Wootz Steel
40:33 Chain Barding Armor
41:15 Ring Archer Armor
41:42 Iron Casting
rambo
12:03 Feudal Age
13:34 Stone Mining
13:57 Double-Bit Axe
16:14 Castle Age
14:27 Horse Collar
16:54 Gold Mining
19:39 Bow Saw
20:20 Gold Shaft Mining
20:29 Scale Mail Armor
24:31 Arson
25:06 Forging
27:15 Squires
28:45 Wheelbarrow
28:01 Hamask
29:44 Hand Cart
29:47 Chain Mail Armor
30:29 Iron Casting
31:42 Fletching
31:53 Padded Archer Armor
35:23 Imperial Age
33:33 Elite Skirmisher
34:35 Bodkin Arrow
34:55 Leather Archer Armor
34:36 Town Watch
36:12 Elite Varangian Guard
37:54 Town Patrol
37:43 Loom
39:33 Conscription
38:33 Elite Jomsviking
42:06 Thumb Ring
42:11 Heavy Plow
42:50 Stone Shaft Mining
因为
10:54 Feudal Age
15:14 Castle Age
13:29 Double-Bit Axe
13:50 Horse Collar
15:22 Gold Mining
16:32 Bow Saw
16:57 Heavy Plow
18:41 Loom
21:51 Wheelbarrow
21:44 Scale Mail Armor
24:57 Squires
25:39 Hand Cart
25:49 Arson
26:26 Forging
27:28 Town Watch
35:52 Imperial Age
33:15 Elite Skirmisher
33:54 Fletching
34:22 Chain Mail Armor
34:48 Bodkin Arrow
34:56 Padded Archer Armor
38:13 Bracer
38:44 Plate Mail Armor
38:15 Champi Runner
39:06 Champi Warrior
40:12 Elite Champi Warrior
41:39 Iron Casting
Exellence
13:11 Feudal Age
16:13 Castle Age
14:05 Double-Bit Axe
14:00 Horse Collar
13:49 Man-at-Arms
16:06 Scale Mail Armor
16:16 Forging
16:41 Long Swordsman
18:27 Loom
25:14 Wheelbarrow
25:47 Gold Mining
28:09 Hand Cart
28:40 Gold Shaft Mining
28:20 Bow Saw
29:04 Heavy Plow
32:26 Imperial Age
30:36 Gold Shaft Mining
30:44 Gold Shaft Mining
32:44 Capped Ram
34:10 Crop Rotation
33:29 Heavy Scorpion
34:45 Double Crossbow
36:10 Chemistry
35:31 Ballistics
36:06 Siege Engineers
37:33 Siege Ram
42:08 Scale Barding Armor
42:38 Iron Casting
42:28 Conscription
43:00 Light Cavalry
43:51 Bloodlines
43:41 Husbandry
44:35 Chain Barding Armor
45:16 Blast Furnace
43:38 Hussar
Slippery
10:31 Feudal Age
11:44 Loom
14:34 Castle Age
12:30 Double-Bit Axe
12:28 Horse Collar
13:56 Gold Mining
15:44 Bow Saw
21:36 Wheelbarrow
21:25 Town Watch
21:55 Heavy Plow
22:38 Fervor
23:57 Hand Cart
30:05 Imperial Age
28:20 Ballistics
28:30 Bloodlines
30:21 Scale Barding Armor
30:27 Forging
31:22 Chain Barding Armor
30:58 Cavalier
32:00 Husbandry
32:43 Iron Casting
32:45 Crop Rotation
33:36 Plate Barding Armor
33:19 Paladin
42:37 Chemistry
41:34 Elite Skirmisher
Connection lost

Rejoining the realm…

Still unreachable

The connection could not be restored.

Session expired

The server has moved on; the page needs a fresh start.